Map: 黄金之柱-天梯版

Players

llllllllllll - Winner!

  • Race: Terran Terran
  • League: Grandmaster
  • Spawn Location: 7:00

Ryung

  • Race: Terran Terran
  • League: Grandmaster
  • Spawn Location: 1:00

VOD

Have the link to the VOD?

Description

Time

  • Played on: Feb. 15, 2021, 10:23 a.m.
  • Length: 11:02
Show
View Real Time Build Order
Export as new Build Order

llllllllllll Terran - Winner!

Build Orders:  

Get SALT Encoding   

  12  0:00  SCV  
  13  0:12  SCV  
  14  0:17  Supply Depot  
  14  0:24  SCV  
  15  0:39  SCV  
  15  0:40  Barracks  
  16  0:44  Refinery  
  16  0:51  SCV  
  16  0:55  Refinery  
  17  1:03  SCV  
  18  1:15  SCV  
  19  1:27  Orbital Command, Reaper  
  19  1:30  Supply Depot  
  20  1:43  Factory  
  20  1:53  SCV  
  21  1:59  Reaper  
  22  2:05  SCV  
  23  2:17  SCV  
  23  2:21  Command Center  
  24  2:27  Hellion  
  27  2:30  SCV  
  27  2:31  Barracks Reactor  
  27  2:41  Starport  
  27  2:43  SCV  
  28  2:50  Supply Depot  
  28  2:52  Factory Tech Lab  
  28  2:55  SCV  
  29  3:07  SCV  
  29  3:11  Siege Tank  
  29  3:12  Marine  
  34  3:13  Marine  
  35  3:20  SCV  
  35  3:26  Medivac  
  38  3:32  SCV  
  38  3:34  Orbital Command  
  39  3:35  Marine  
  39  3:37  Marine  
  41  3:41  Refinery  
  41  3:44  SCV  
  42  3:50  Cyclone  
  45  3:56  Marine x2, SCV  
  45  4:01  SCV  
  49  4:03  Starport Tech Lab  
  49  4:08  SCV  
  49  4:09  Supply Depot  
  50  4:13  SCV  
  50  4:14  Marine x2  
  53  4:21  SCV  
  53  4:22  Supply Depot  
  54  4:31  Raven  
  53  4:32  Marine x2  
  56  4:39  Siege Tank  
  56  4:44  SCV  
  60  4:50  Marine x2  
  51  5:05  SCV  
  52  5:07  Marine x2, SCV  
  52  5:09  Command Center  
  52  5:11  Siege Tank  
  58  5:15  Raven  
  58  5:18  SCV  
  58  5:19  SCV  
  58  5:20  Supply Depot  
  62  5:25  Marine x2  
  64  5:30  SCV  
  64  5:31  SCV  
  66  5:42  SCV  
  67  5:43  Siege Tank, Marine x2, SCV  
  67  5:46  Supply Depot  
  73  5:54  SCV  
  73  5:55  Supply Depot, SCV  
  72  6:06  SCV  
  71  6:13  Marine  
  71  6:14  Viking, Stimpack  
  71  6:15  Siege Tank, SCV  
  78  6:20  SCV  
  78  6:22  Refinery  
  78  6:25  Barracks x2  
  79  6:31  Orbital Command  
  79  6:32  SCV x2  
  81  6:40  Engineering Bay x2  
  81  6:44  Marine, SCV  
  81  6:45  SCV  
  84  6:47  Siege Tank  
  87  6:57  SCV  
  82  7:01  Marine  
  82  7:03  SCV  
  74  7:15  Orbital Command  
  69  7:17  Viking  
  69  7:18  Viking  
  69  7:19  Siege Tank, Marine  
  69  7:21  Terran Infantry Armor Level 1, Terran Infantry Weapons Level 1  
  77  7:24  SCV  
  77  7:29  Barracks Reactor x2  
  72  7:32  Barracks, Supply Depot  
  72  7:33  SCV  
  72  7:35  Barracks  
  72  7:36  SCV  
  74  7:37  Marine  
  75  7:45  SCV x2  
  75  7:47  Viking  
  75  7:48  Viking, SCV  
  82  7:51  Siege Tank  
  82  7:56  Supply Depot  
  82  7:57  SCV x2  
  87  8:00  SCV  
  87  8:02  Marine, Combat Shield  
  89  8:07  Marine, Refinery  
  89  8:08  Marine x3  
  89  8:09  Refinery  
  89  8:12  SCV  
  94  8:15  Supply Depot  
  94  8:19  SCV  
  95  8:20  Marine, Barracks Reactor  
  95  8:22  Barracks Reactor  
  95  8:23  Siege Tank, SCV  
  95  8:25  Marine x3  
  95  8:26  Marine  
  104  8:31  Viking  
  104  8:32  Viking  
  105  8:35  SCV x2  
  105  8:37  Barracks Tech Lab x2  
  105  8:38  Marine  
  105  8:40  Supply Depot x2  
  108  8:43  Marine x4  
  112  8:54  Armory  
  112  8:55  Siege Tank  
  112  8:57  Marine x2  
  112  8:58  Marauder  
  112  9:02  Viking x2  
  121  9:03  Supply Depot  
  121  9:04  Supply Depot  
  123  9:10  Concussive Shells  
  123  9:15  Marauder  
  123  9:16  Supply Depot  
  125  9:19  Marauder, Marine x3  
  125  9:20  Marine  
  131  9:27  Siege Tank  
  131  9:29  Marauder  
  136  9:32  Viking x2  
  136  9:36  Marine  
  141  9:39  Command Center  
  141  9:47  SCV x2  
  142  9:54  Marine x2  
  142  9:55  Supply Depot  
  148  10:02  Viking x2  
  148  10:13  Marauder x2  
  152  10:15  Marauder  
  152  10:16  Marine  
  152  10:17  Marine x2  
  152  10:20  Marine  
  158  10:33  Marine  
Show
View Real Time Build Order
Export as new Build Order

Ryung Terran 

Build Orders: Reaper Expand, Mech 

Get SALT Encoding   

  12  0:00  SCV  
  13  0:12  SCV  
  14  0:18  Supply Depot  
  14  0:24  SCV  
  15  0:39  SCV  
  15  0:41  Barracks  
  16  0:45  Refinery  
  16  0:51  SCV  
  17  1:04  SCV  
  18  1:17  SCV  
  19  1:28  Reaper  
  19  1:29  Orbital Command  
  20  1:44  Command Center  
  20  1:55  Supply Depot  
  20  1:57  SCV  
  20  2:00  Marine  
  22  2:10  Factory  
  22  2:12  SCV  
  22  2:20  Refinery  
  22  2:21  Barracks Reactor  
  22  2:24  SCV  
  23  2:36  SCV  
  24  2:49  SCV  
  25  2:54  Hellion  
  25  2:56  Starport  
  25  2:57  Orbital Command  
  25  2:58  Marine  
  28  2:59  Marine  
  28  3:01  SCV  
  30  3:14  SCV  
  30  3:15  Factory Tech Lab  
  30  3:16  Marine  
  30  3:17  Marine  
  33  3:23  SCV  
  33  3:26  SCV  
  35  3:34  Supply Depot, Cyclone  
  35  3:36  SCV  
  35  3:38  SCV  
  35  3:40  Starport Tech Lab  
  35  3:41  Marine  
  40  3:42  Marine  
  42  3:48  Refinery  
  42  3:52  SCV x2  
  44  3:58  Raven  
  46  4:03  Supply Depot  
  46  4:04  Marine, SCV x2  
  46  4:06  Marine  
  50  4:18  Siege Tank  
  50  4:19  SCV  
  50  4:20  SCV  
  54  4:30  Marine  
  54  4:31  Marine  
  43  4:40  Banshee, SCV x2  
  47  4:48  Marine x2  
  47  4:51  Siege Tank  
  48  4:54  SCV  
  42  5:00  SCV  
  42  5:06  Marine x2, SCV  
  44  5:10  Command Center  
  44  5:14  SCV  
  44  5:18  SCV  
  46  5:23  Raven  
  46  5:25  Marine x2  
  51  5:28  SCV  
  51  5:30  SCV  
  51  5:35  Refinery  
  52  5:37  Siege Tank  
  52  5:41  SCV  
  56  5:42  SCV  
  56  5:47  Supply Depot  
  57  5:51  Marine x2  
  57  5:53  SCV  
  57  5:55  SCV  
  62  6:11  SCV x2  
  62  6:12  Siege Tank  
  66  6:20  Viking  
  66  6:23  Factory  
  68  6:26  Viking  
  68  6:27  Orbital Command  
  68  6:30  Factory, SCV x2  
  72  6:42  SCV x2  
  72  6:43  Barracks Reactor  
  74  6:50  Viking  
  74  6:52  SCV  
  77  6:54  SCV  
  77  6:56  Viking  
  72  7:04  Siege Tank  
  72  7:07  SCV x2  
  66  7:14  Siege Tank  
  66  7:15  SCV  
  60  7:19  SCV  
  60  7:20  Viking  
  58  7:23  SCV  
  58  7:26  Viking  
  58  7:27  SCV  
  61  7:34  Orbital Command  
  61  7:35  SCV x2  
  63  7:39  Siege Tank  
  63  7:40  Hellion  
  63  7:41  Hellion  
  70  7:47  SCV  
  70  7:48  SCV  
  72  7:59  SCV  
  72  8:00  SCV  
  72  8:02  Refinery  
  72  8:03  Viking x2  
  78  8:05  Refinery  
  78  8:06  Supply Depot  
  78  8:07  Supply Depot  
  78  8:10  Armory  
  78  8:11  SCV  
  78  8:12  SCV  
  80  8:14  SCV  
  81  8:31  SCV x3  
  81  8:32  Siege Tank x2  
  81  8:33  Hellion x2  
  92  8:39  Supply Depot  
  92  8:40  Viking  
  94  8:42  Viking  
  94  8:47  Supply Depot  
  96  8:48  SCV  
  96  8:49  SCV  
  96  8:50  Supply Depot, SCV  
  99  8:56  Hellion x2  
  99  8:58  Terran Vehicle Weapons Level 1  
  99  9:05  SCV x3  
  99  9:06  Supply Depot  
  99  9:09  Command Center  
  102  9:19  Viking x2  
  102  9:20  Engineering Bay  
  106  9:25  Siege Tank  
  106  9:26  Siege Tank, Hellion  
  106  9:29  Hellion  
  106  9:31  SCV x2  
  118  9:32  SCV  
  118  9:36  Infernal Pre-Igniter, Smart Servos  
  119  9:45  SCV x2  
  119  9:46  Factory x2, SCV  
  119  9:52  Hellion x2  
  120  9:55  Viking  
  120  9:57  SCV  
  120  9:59  Viking  
  125  10:06  Sensor Tower, Supply Depot  
  125  10:09  Siege Tank  
  125  10:10  Supply Depot  
  125  10:13  Armory  
  128  10:15  Siege Tank  
  128  10:21  Hellion x2  
  127  10:37  Hellion  
  105  10:54  Factory Tech Lab  
Tags
 
Add a new tag
Caveats
  • Supply blocks, unpowered buildings, or Contaminate may cause inaccurate times.
  • Supply counts are checked every 10 seconds.